 Dungeon Crawl Stone Soup version 0.30.1-11-g7821555f0a (webtiles) character file.

Game seed: 3246679862159543338

2 H0rd4k the Charlatan (level 1, 0/15 HPs)
             Began as a Human Artificer on Nov 13, 2023.
             Slain by a ball python (2 damage)
             ... on level 1 of the Dungeon.
             The game lasted 00:00:31 (111 turns).

H0rd4k the Charlatan (Human Artificer)               Turns: 111, Time: 00:00:32

Health: 0/15       AC:  3    Str: 12    XL:     1   Next: 44%
Magic:  1/1        EV:  8    Int: 11    God:
Gold:   29         SH:  0    Dex: 13    Spells: 0/0 levels left

rFire   . . .        a - +0 club
rCold   . . .        (no shield)
rNeg    . . .        b - +0 leather armour
rPois   .            (no helmet)
rElec   .            (no cloak)
rCorr   .            (no gloves)
SInv    .            (no boots)
Will    .....        (no amulet)
Stlth   +            (no ring)
HPRegen 0.22/turn    (no ring)
MPRegen 0.07/turn

%: no passive effects
@: constricted
A: no striking features
a: no special abilities


You were on level 1 of the Dungeon.
You visited 1 branch of the dungeon, and saw 1 of its levels.

You collected 29 gold pieces.

Inventory:

Hand Weapons
 a - a +0 club (weapon)
Armour
 b - a +0 leather armour (worn)
Wands
 c - a wand of flame (15) (quivered)
 d - a wand of charming (13)
 e - a wand of iceblast (5)
Potions
 f - a potion of haste {unknown}


   Skills:
 + Level 1.0 Fighting
 - Level 2.0 Armour
 + Level 1.4 Dodging
 - Level 1.0 Stealth
 + Level 3.0 Evocations


You couldn't memorise any spells.
You didn't know any spells.
Your spell library was empty.

Dungeon Overview and Level Annotations

Branches:
Dungeon (1/15)

Altars:


Message History

The endoplasm hits you but does no damage.
The kobold attacks as you move away! The kobold hits you but does no damage.
The kobold throws a stone.
The stone hits you. The endoplasm attacks as you move away!
The endoplasm hits you.
* * * LOW HITPOINT WARNING * * *
Aiming: Charm
Press: ? - help, Shift-Dir - straight line, f - endoplasm
Aim: an endoplasm (heavily wounded, chance to affect: 73%)
The endoplasm struggles to resist.
The ball python bites you but does no damage.
The ball python grabs you. The ball python constricts you.
The endoplasm hits you.
* * * LOW HITPOINT WARNING * * *
Aiming: Charm
Press: ? - help, Shift-Dir - straight line, f/p - endoplasm
Aim: an endoplasm (heavily wounded, chance to affect: 73%)
The endoplasm is charmed.
The ball python barely misses you. The ball python constricts you.
The kobold hits your endoplasm with a +0 whip.
Unknown command.
You closely miss the ball python.
The ball python bites you but does no damage.
The ball python constricts you.
* * * LOW HITPOINT WARNING * * *
Your endoplasm barely misses the ball python.
The kobold hits your endoplasm with a +0 whip.
The ball python bites you.
* * * LOW HITPOINT WARNING * * *
The ball python constricts you.
You hit the ball python but do no damage.
Your endoplasm freezes the kobold.
The kobold is frozen.
The kobold dies!
The ball python bites you but does no damage.
The ball python constricts you.
Your endoplasm hits the ball python.
Unknown command.
You barely miss the ball python.
The ball python is moderately wounded.
The ball python bites you.
You die...

.## #.#≈≈≈#~. ..#####
#.#≈≈≈~P. ......#
#..≈≈≈~.. ⌠...⌠.# +.
##..≈≈~... .###..#
#...##..P≈≈≈~~. .#<#..##
#.......~≈≈~~..
.#'#...#.....###).~≈≈~..
⌠...⌠....## #JS~≈≈~P.
.........# #@.~≈≈P..
#........# #..≈≈≈~~.
..####...# ##...~≈~..
#># #### #....P≈~..
#.#### #.#.~P≈P.. #....#
#.#.~~≈.... #....#
#.#..~~~... #....#
#....~~P~.. #....#
#..~P≈~~~~.


You could see a ball python (ally target) and a friendly endoplasm (charmed).

Vanquished Creatures
  A bat (D:1)
  A rat (D:1)
2 creatures vanquished.

Vanquished Creatures (collateral kills)
  A kobold (D:1)
1 creature vanquished.

Grand Total: 3 creatures vanquished

Notes
Turn   | Place    | Note
-------+----------+-------------------------------------------
     0 | D:1      | H0rd4k the Human Artificer began the quest for the Orb.
     0 | D:1      | Reached XP level 1. HP: 15/15 MP: 1/1
   111 | D:1      | Slain by a ball python

Illustrated notes

Levels and vault maps discovered:
D:1:      scummos_arrival_simple_fountains, layout_basic, chequers_big_river,
          kennysheep_decorative_pillar

Action                     || total
---------------------------++-------
  Melee: Club              ||    19
  Evoke: Wand              ||     2
 Armour: Leather armour    ||    15
  Dodge: Dodged            ||    16
